 Dungeon Crawl Stone Soup version 0.24-a0-317-g5cb8de4 (webtiles) character file.

Game seed: 14630584050572225410

11236 Borgoz the Carver (level 11, -4/148 HPs)
             Began as a Hill Orc Gladiator on May 16, 2019.
             Was a Believer of Ashenzari.
             Engulfed by a cloud of flame (11 damage)
             ... in a volcano.
             The game lasted 00:26:26 (10851 turns).

Borgoz the Carver (Hill Orc Gladiator)             Turns: 10851, Time: 00:26:27

Health: -4/148     AC: 16    Str: 23    XL:     11   Next: 74%
Magic:  14/14      EV: 17    Int: 12    God:    Ashenzari [**....]
Gold:   466        SH:  0    Dex: 19    Spells: 10/10 levels left

rFire    . . .     SeeInvis +   a - +3 great sword
rCold    + . .     Gourm    .   (shield currently unavailable)
rNeg     . . .     Faith    .   m - +3 scale mail "Inkoamu" {Dex+4}
rPois    .         Spirit   .   B - +0 mask of the Dragon {MR+ Slay+3 SInv}
rElec    .         Reflect  .   G - +0 cloak
rCorr    .         Harm     .   (no gloves)
MR       +....                  w - +0 pair of boots
Stlth    ..........             I - amulet of Xom's Capriciousness {+Rage +Inv Int+4 Slay-4 SInv}
HPRegen  0.34/turn              x - ring of protection from cold
MPRegen  0.14/turn              r - +1 ring of evasion

@: mighty, berserking, very quick
A: iridescent scales 1, wild magic 1
a: Curse Item, Scrying, Renounce Religion, Evoke Berserk Rage, Evoke
Invisibility


You were in a volcano.
You worshipped Ashenzari.
Ashenzari was pleased with you.
You were hungry.

You visited 3 branches of the dungeon, and saw 13 of its levels.
You also visited: Volcano.

You collected 466 gold pieces.

Inventory:

Hand Weapons
 a - a +3 great sword (weapon)
 b - a +2 short sword of draining
 c - a cursed +6 battleaxe of flaming
 d - a +5 short sword
 s - a cursed +4 triple sword of protection
 u - a +0 rapier
 y - a +2 dagger of venom
 A - the cursed +0 hand axe of Bloody Death {chop, rElec Int+6 Stlth+}
   (You found it on level 5 of the Dungeon)

   It inflicts extra damage upon your enemies.
   It affects your intelligence (+6).
   It insulates you from electricity.
   It makes you more stealthy.
   It has a curse placed upon it.
Missiles
 q - 28 poisoned darts (quivered)
Armour
 g - a +1 hat of magic resistance
 m - the +3 scale mail "Inkoamu" (worn) {Dex+4}
   (You found it on level 7 of the Dungeon)

   It affects your dexterity (+4).
 v - a +2 leather armour of fire resistance
 w - a +0 pair of boots (worn)
 B - the +0 mask of the Dragon (worn) {MR+ Slay+3 SInv}
   (You found it on level 5 of the Dungeon)

   It affects your accuracy and damage with ranged weapons and melee attacks
   (+3).
   It affects your resistance to hostile enchantments.
   It lets you see invisible.
 G - a +0 cloak (worn)
 J - +0 steam dragon scales
 K - the +0 scale mail of the Lich-sworn {Str+6}
   (You found it on level 10 of the Dungeon)

   It affects your strength (+6).
Jewellery
 p - an uncursed ring of magical power
 r - a +1 ring of evasion (right hand)
 t - an uncursed ring of magical power
 x - a ring of protection from cold (left hand)
 I - the amulet of Xom's Capriciousness (around neck) {+Rage +Inv Int+4 Slay-4 SInv}
   (You acquired it on level 9 of the Dungeon)

   [amulet of rage]

   It affects your intelligence (+4).
   It affects your accuracy and damage with ranged weapons and melee attacks
   (-4).
   It lets you see invisible.
   It lets you turn invisible.
   It lets you go berserk.
Wands
 n - a wand of enslavement (9)
 D - a wand of paralysis (7)
 F - a wand of digging (4)
 L - a wand of polymorph (11)
Scrolls
 e - a scroll of amnesia
 i - a scroll of enchant weapon
 j - 2 scrolls of enchant armour
 k - a scroll of remove curse
 z - a scroll of teleportation
Potions
 h - 2 potions of berserk rage
 E - a potion of brilliance
Comestibles
 f - 26 rations
 l - 2 chunks of flesh


   Skills:
 * Level 9.8 Fighting
 * Level 10.9 Long Blades
 - Level 1.7 Throwing
 * Level 8.8 Armour
 * Level 8.4 Dodging
 - Level 2.1 Stealth
 + Level 4.1 Evocations


You had 10 spell levels left.
You didn't know any spells.
Your spell library was empty.

Dungeon Overview and Level Annotations

Branches:
Dungeon (10/15)            Temple (1/1) D:6            Lair (2/6) D:10
  Swamp: Lair:2-4    Shoals: Lair:2-4     Snake: Lair:2-4    Spider: Lair:2-4
    Orc: D:9-12

Altars:
Ashenzari
Cheibriados
Dithmenos
Elyvilon
Fedhas
Gozag
Hepliaklqana
Kikubaaqudgha
Makhleb
Nemelex Xobeh
Okawaru
Qazlal
Ru
Sif Muna
Trog
Uskayaw
Vehumet
Wu Jian
Xom
Yredelemnul
Zin
The Shining One
Lugonu

Shops:
D:4 :

Annotations:
Lair:1 Sonja


Innate Abilities, Weirdness & Mutations

You are partially covered in iridescent scales. (AC +2)
Your spells are a little harder to cast, but a little more powerful.


Message History

The two-headed ogre closely misses you.
The two-headed ogre hits you with a +1 great mace of flaming.
* * * LOW HITPOINT WARNING * * *
The two-headed ogre burns you.
* * * LOW HITPOINT WARNING * * *
You barely miss the two-headed ogre.
The two-headed ogre is moderately wounded.
The two-headed ogre hits you but does no damage.
The two-headed ogre closely misses you.
You slice the two-headed ogre!!
The two-headed ogre is almost dead.
You slice the two-headed ogre!!
You kill the two-headed ogre!
In the distance, the volcano erupts with a roar.
You are engulfed in blazing flames.
* * * LOW HITPOINT WARNING * * *
A two-headed ogre comes into view.
It is wielding a +0 great mace of flaming and a +0 giant club of flaming.
Unknown command.
You barely miss the two-headed ogre.
You are engulfed in blazing flames.
You die...

, * +.._..+ ##○☼
* ≈ #.....# .#°○
≈ ≈ ≈*
#######,O.#§○ ≈
,+!$.[°+,..#°§ ≈
* #.○°°°#...#§≈ ≈
*,,,#8○☼○8#...# *
* , +○○°○○O°.# ≈
≈ * ≈ ,
+○°○°@°..#≈≈ * ≈#
#8°☼°8#.##≈≈ *
≈≈###○○○○○###≈≈≈
≈≈○○○○○○○☼§§≈§§≈*
#≈°°≈8○○☼8§§§§§
###○○○○○○°°§≈§§#*
#○°○○○°.○§≈###
##°8°○☼8§§§#
##.....####


You could see 2 two-headed ogres.

Vanquished Creatures
  A hydra (Lair:2)
  3 two-headed ogres
  An ogre mage (Volcano)
  Pikel (D:7)
  A deep elf mage (D:9)
  A spiny frog (Lair:1)
  A gargoyle (D:10)
  A komodo dragon (D:9)
  A troll (D:8)
  2 hippogriffs
  A wyvern (D:9)
  A spriggan (D:7)
  2 steam dragons (D:9)
  A yak (Lair:1)
  Eustachio (D:4)
  An ice beast (D:7)
  4 sky beasts (D:7)
  2 orc warriors (D:10)
  4 slaves (D:7)
  2 black bears
  An eye of draining (D:9)
  6 ogres
  The ghost of Stiffzip the Poker, an amateur MfMo of Vehumet (D:3)
  4 centaurs
  A big kobold (D:5)
  9 bullfrogs
  The ghost of frenix the Caller, an amateur VSSu of Vehumet (D:3)
  A gnoll sergeant (D:5)
  6 scorpions
  A water moccasin skeleton (D:6)
  3 killer bees (D:10)
  4 wights (D:7)
  4 howler monkeys
  6 crimson imps
  A quasit (D:9)
  3 jellies
  4 hounds
  5 orc wizards
  6 orc priests
  Crazy Yiuf (D:3)
  2 centaur skeletons
  Ijyb (D:5)
  3 iguanas
  7 worker ants
  A hound skeleton (D:10)
  A worker ant zombie (D:7)
  13 gnolls
  12 adders
  2 shadow imps
  3 oozes
  4 adder skeletons
  2 worms
  A dart slug (D:5)
  8 leopard geckos
  24 orcs
  A ball python (D:4)
  3 giant cockroaches
  7 goblins
  6 hobgoblins
  12 jackals
  13 kobolds
  A quokka (D:5)
  5 bats
  A frilled lizard (D:5)
  A giant cockroach zombie (D:5)
  6 rats
240 creatures vanquished.

Vanquished Creatures (others)
  A plant (Lair:1)
1 creature vanquished.

Grand Total: 241 creatures vanquished

Notes
Turn   | Place    | Note
-------+----------+-------------------------------------------
     0 | D:1      | Borgoz the Hill Orc Gladiator began the quest for the Orb.
     0 | D:1      | Reached XP level 1. HP: 18/18 MP: 1/1
    57 | D:1      | Reached XP level 2. HP: 23/25 MP: 2/2
   493 | D:2      | Found a hide-covered altar of Uskayaw.
   539 | D:2      | Reached skill level 1 in Armour
   539 | D:2      | Reached XP level 3. HP: 27/30 MP: 3/3
   592 | D:2      | Reached skill level 4 in Long Blades
  1068 | D:2      | Reached XP level 4. HP: 33/38 MP: 4/4
  1485 | D:2      | Reached XP level 5. HP: 45/45 MP: 5/5
  1660 | D:3      | Found a sparkling altar of Nemelex Xobeh.
  1802 | D:3      | Found a stormy altar of Qazlal.
  1877 | D:3      | Found a runed translucent gate.
  1877 | D:3      | Found a runed translucent gate.
  1878 | D:3      | Found a runed translucent gate.
  1881 | D:3      | Noticed frenix's ghost (amateur VSSu)
  1881 | D:3      | Noticed Stiffzip's ghost (amateur MfMo)
  2043 | D:3      | Reached XP level 6. HP: 46/52 MP: 6/6
  2049 | D:3      | Reached skill level 5 in Long Blades
  2158 | D:3      | Found a blossoming altar of Fedhas.
  2183 | D:3      | Found a runed translucent door.
  2184 | D:3      | Noticed Crazy Yiuf
  2485 | D:4      | Noticed Eustachio
  2502 | D:4      | Found Cuhamysu's Book Shoppe.
  2521 | D:4      | Killed Eustachio
  2720 | D:4      | Reached XP level 7. HP: 17/59 MP: 7/7
  3100 | D:4      | Reached skill level 6 in Long Blades
  3455 | D:4      | Found an ancient bone altar of Kikubaaqudgha.
  3603 | D:4      | Found an ornate altar of the Wu Jian Council.
  3793 | D:5      | Entered Level 5 of the Dungeon
  3793 | D:5      | Found a bloodstained altar of Trog.
  3877 | D:5      | Got a crystal hand axe
  3892 | D:5      | Reached XP level 8. HP: 30/67 MP: 8/8
  3893 | D:5      | Found a shattered altar of Ashenzari.
  3906 | D:5      | Became a worshipper of Ashenzari the Shackled
  3943 | D:5      | Reached skill level 5 in Dodging
  4113 | D:5      | Identified the cursed +0 hand axe of Bloody Death {chop,
                  | rElec Int+6 Stlth+} (You found it on level 5 of the
                  | Dungeon)
  4172 | D:5      | Reached skill level 5 in Fighting
  4362 | D:5      | Noticed Ijyb
  4369 | D:5      | Paralysed by Ijyb for 6 turns
  4376 | D:5      | Killed Ijyb
  4385 | D:5      | Reached skill level 7 in Long Blades
  4649 | D:5      | Found the +0 mask of the Dragon {MR+ Slay+3 SInv}
  4745 | D:5      | Found a hazy altar of Hepliaklqana.
  4746 | D:5      | Found a shimmering altar of Xom.
  4749 | D:5      | Noticed a spectral ugly thing
  5105 | D:3      | Killed Crazy Yiuf
  5407 | D:3      | Killed frenix's ghost
  5418 | D:3      | Killed Stiffzip's ghost
  5597 | D:6      | Found a sacrificial altar of Ru.
  5916 | D:6      | Found a staircase to the Ecumenical Temple.
  5923 | Temple   | Entered the Ecumenical Temple
  6002 | D:6      | Reached XP level 9. HP: 75/75 MP: 9/9
  6394 | D:7      | Reached * piety under Ashenzari
  6408 | D:7      | Reached skill level 8 in Long Blades
  6417 | D:7      | Reached skill level 5 in Armour
  6831 | D:7      | Noticed Pikel
  6880 | D:7      | Gained mutation: You tend to lose your temper in combat.
                  | [potion of mutation]
  6880 | D:7      | Gained mutation: You passively map a small area around you.
                  | [potion of mutation]
  6880 | D:7      | Gained mutation: You are partially covered in iridescent
                  | scales. (AC +2) [potion of mutation]
  6880 | D:7      | Gained mutation: Your spells are a little harder to cast,
                  | but a little more powerful. [potion of mutation]
  6880 | D:7      | HP: 3/77 [Pikel/+0 whip of electrocution (4)]
  7255 | D:6      | Identified a scroll of acquirement
  7350 | D:7      | Killed Pikel
  7580 | D:7      | Reached skill level 1 in Evocations
  7587 | D:7      | Reached skill level 1 in Stealth
  7619 | D:7      | Found a white marble altar of Elyvilon.
  7627 | D:7      | Reached skill level 9 in Long Blades
  7850 | D:7      | Got the uncursed scale mail "Inkoamu" {Dex+4}
  7861 | D:7      | Identified the +3 scale mail "Inkoamu" {Dex+4} (You found
                  | it on level 7 of the Dungeon)
  7872 | D:7      | Reached XP level 10. HP: 74/86 MP: 11/11
  8206 | D:8      | Lost mutation: You tend to lose your temper in combat.
                  | [potion of mutation]
  8206 | D:8      | Lost mutation: You are partially covered in iridescent
                  | scales. (AC +2) [potion of mutation]
  8206 | D:8      | Gained mutation: You have a pair of small horns on your
                  | head. [potion of mutation]
  8206 | D:8      | Gained mutation: You are partially covered in thin metallic
                  | scales. (AC +2) [potion of mutation]
  8720 | D:9      | Noticed a two-headed ogre
  8733 | D:9      | Killed a two-headed ogre
  9036 | D:9      | Reached ** piety under Ashenzari
  9068 | D:9      | Identified the cursed amulet of Xom's Capriciousness {+Rage
                  | +Inv Int+4 Slay-4 SInv} (You acquired it on level 9 of the
                  | Dungeon)
  9085 | D:9      | Noticed a deep elf mage
  9090 | D:9      | Killed a deep elf mage
  9283 | D:9      | Reached skill level 10 in Long Blades
  9303 | D:9      | Reached XP level 11. HP: 81/95 MP: 13/13
  9378 | D:9      | Found a radiant altar of Vehumet.
  9381 | D:9      | Found a burning altar of Makhleb.
  9586 | D:10     | Entered Level 10 of the Dungeon
  9943 | D:10     | Found a staircase to the Lair.
  9965 | D:10     | Noticed a two-headed ogre
  9970 | D:10     | Killed a two-headed ogre
 10155 | D:10     | Got the cursed scale mail of the Lich-sworn {Str+6}
 10452 | D:10     | Lost mutation: You have a pair of small horns on your head.
                  | [potion of mutation]
 10452 | D:10     | Lost mutation: Your spells are a little harder to cast, but
                  | a little more powerful. [potion of mutation]
 10452 | D:10     | Lost mutation: You are partially covered in thin metallic
                  | scales. (AC +2) [potion of mutation]
 10452 | D:10     | Gained mutation: You are somewhat resistant to further
                  | mutation. [potion of mutation]
 10452 | D:10     | Gained mutation: You have a pair of small antennae on your
                  | head. [potion of mutation]
 10453 | D:10     | Lost mutation: You have a pair of small antennae on your
                  | head. [potion of mutation]
 10453 | D:10     | Lost mutation: You are somewhat resistant to further
                  | mutation. [potion of mutation]
 10453 | D:10     | Lost mutation: You passively map a small area around you.
                  | [potion of mutation]
 10453 | D:10     | Gained mutation: Your spells are a little harder to cast,
                  | but a little more powerful. [potion of mutation]
 10453 | D:10     | Gained mutation: You are partially covered in iridescent
                  | scales. (AC +2) [potion of mutation]
 10465 | D:10     | Identified the cursed +0 scale mail of the Lich-sworn
                  | {Str+6} (You found it on level 10 of the Dungeon)
 10508 | Lair:1   | Entered Level 1 of the Lair of Beasts
 10514 | Lair:1   | Noticed Sonja
 10563 | Lair:1   | HP: 4/97 [Sonja/+0 short sword of distortion (7)]
 10635 | Lair:2   | Noticed a seven-headed hydra
 10646 | Lair:2   | Killed a seven-headed hydra
 10654 | Lair:2   | Found a dark tunnel.
 10671 | Volcano  | Entered a volcano
 10831 | Volcano  | Noticed an ogre mage
 10840 | Volcano  | Killed an ogre mage
 10841 | Volcano  | Found a radiant altar of Vehumet.
 10844 | Volcano  | Noticed a two-headed ogre
 10845 | Volcano  | Noticed a two-headed ogre
 10850 | Volcano  | Killed a two-headed ogre
 10850 | Volcano  | HP: 7/148 [something (18)]
 10850 | Volcano  | Noticed a two-headed ogre
 10851 | Volcano  | Engulfed by a cloud of flame

Levels and vault maps discovered:
D:1:      lemuel_arrival_behind_the_door_large, layout_rooms,
          minmay_pentomino_u2
D:2:      layout_rooms, eat_drink_and_be_merry_uskayaw, first_ration
D:3:      layout_loops_ring, grunt_temple_overflow_forces_of_nature,
          lemuel_crystal_altar, gammafunk_ghost_cemetery,
          uniq_crazy_yiuf_cottage
D:4:      layout_loops_ring, kennysheep_little_box, kennysheep_mini_moat,
          serial_shops, shop_statue, minivault_24, nrook_mini_vaults,
          uniq_eustachio
D:5:      layout_loops_ring, regret_index_temple_of_mockery,
          overflow_temple_1_default, evilmike_ruin_ashenzari, uniq_ijyb
D:6:      layout_gridville, hangedman_ru_absence, minmay_temple_entry_hall
D:7:      layout_loops_ring, elyvilon_altar_5, the_bakery,
          kennysheep_generic_room_10, uniq_pikel
D:8:      layout_loops_ring, grunt_ministairs_3
D:9:      cheibrodos_steamvent, layout_loops_ring,
          grunt_temple_overflow_lords_of_destruction
D:10:     layout_long_grid, lair_entry_dummy, minmay_puff
Temple:   corrupted_temple
Lair:1:   layout_cave_pods, uniq_joseph, uniq_sonja
Lair:2:   layout_layer_cave, minmay_swamp_entry_eels, dummy_spider_entry,
          nicolae_volcano_entry_lava_flow, st_stairs_4,
          minmay_lair_oklob_chamber
Volcano:  kennysheep_volcano_temple

Skill      XL: |  1  2  3  4  5  6  7  8  9 10 11 |
---------------+----------------------------------+-----
Armour         | 1 2 3 4 6 7 8 |  8.8
Long Blades    | 4 5 6 7 9 10 | 10.9
Fighting       | 3 4 5 7 8 9 |  9.8
Dodging        | 3 4 5 6 7 8 |  8.4
Evocations     | 1 3 4 |  4.1
Stealth        | 1 2 |  2.1
Throwing       | |  1.7

Action                   |  1- 3 |  4- 6 |  7- 9 | 10-12 || total
-------------------------+-------+-------+-------+-------++-------
Melee: Long sword        |    96 |   146 |   448 |       ||   690
       Great sword       |       |       |    16 |   193 ||   209
       Headbutt          |       |       |       |    38 ||    38
       Short sword       |       |       |       |     3 ||     3
Throw: Throwing net      |       |     4 |     6 |     1 ||    11
       Dart              |       |       |     1 |     1 ||     2
 Abil: Evoke Berserk Rag |       |       |       |     1 ||     1
Evoke: Wand              |       |       |       |     6 ||     6
  Use: Scroll            |     3 |     4 |     9 |     8 ||    24
       Potion            |     1 |     1 |     9 |    12 ||    23
 Stab: Held in net/web   |       |       |     1 |       ||     1
       Invisible         |       |       |     2 |     2 ||     4
       Sleeping          |       |       |       |     1 ||     1
       Paralysed         |       |       |       |     3 ||     3
  Eat: Chunk             |       |     5 |    18 |    10 ||    33
Armor: Leather armour    |     6 |       |       |       ||     6
       Chain mail        |    42 |    81 |   200 |       ||   323
       Skin              |       |       |   144 |       ||   144
       Scale mail        |       |       |     5 |    93 ||    98
Dodge: Dodged            |    55 |    72 |   241 |   213 ||   581
       Rpst.: Long sword |    25 |    21 |    61 |       ||   107
       Great sword       |       |       |     3 |    52 ||    55

Table legend:
 A = Non-vault XP
 B = Vault XP
 C = Vault XP percentage of total XP
 D = Non-vault monster count
 E = Vault monster count
 F = Vault count percentage of total count
                 A         B        C        D         E       F
            +---------+---------+-------+---------+---------+-------
      Total |   12379 |    3673 |  22.9 |     216 |      20 |   8.5
            +---------+---------+-------+---------+---------+-------
        D:1 |      27 |       3 |  10.0 |      12 |       2 |  14.3
        D:2 |     151 |       0 |   0.0 |      25 |       0 |   0.0
        D:3 |     178 |     234 |  56.8 |      20 |       3 |  13.0
        D:4 |     410 |     185 |  31.1 |      17 |       1 |   5.6
        D:5 |     762 |      36 |   4.5 |      35 |       1 |   2.8
        D:6 |     505 |       0 |   0.0 |      16 |       0 |   0.0
        D:7 |    1622 |     812 |  33.4 |      25 |       2 |   7.4
        D:8 |    1065 |      49 |   4.4 |      12 |       4 |  25.0
        D:9 |    3039 |     425 |  12.3 |      24 |       3 |  11.1
       D:10 |    2596 |      80 |   3.0 |      24 |       2 |   7.7
     Lair:1 |     951 |       0 |   0.0 |       4 |       0 |   0.0
     Lair:2 |    1073 |       0 |   0.0 |       2 |       0 |   0.0
    Volcano |       0 |    1849 | 100.0 |       0 |       2 | 100.0
            +---------+---------+-------+---------+---------+-------
